Map: [ESL] Goldenaura

Players

LiquidCure (Cure)

  • Race: Terran Terran
  • League: Master
  • Spawn Location: 12:00

DKZDark (Dark) - Winner!

  • Race: Zerg Zerg
  • League: Master
  • Spawn Location: 5:00

VOD

Have the link to the VOD?

Description

Time

  • Played on: Dec. 11, 2023, 5:42 a.m.
  • Length: 19:58
Show
View Real Time Build Order
Export as new Build Order

LiquidCure Terran 

Build Orders: Reaper Expand, Hellion Banshee 

Get SALT Encoding   

  12  0:00  SCV  
  13  0:12  SCV  
  14  0:16  Supply Depot  
  14  0:24  SCV  
  15  0:38  SCV  
  15  0:39  Barracks  
  16  0:43  Refinery  
  16  0:50  SCV  
  17  1:02  SCV  
  18  1:14  SCV  
  19  1:26  Orbital Command, Reaper  
  20  1:39  Command Center  
  20  1:48  Supply Depot  
  20  1:52  SCV  
  21  1:58  Marine  
  22  2:04  SCV  
  23  2:12  Factory  
  23  2:16  SCV, Marine  
  25  2:28  SCV  
  26  2:34  Barracks Reactor  
  26  2:38  Command Center  
  26  2:41  SCV  
  27  2:54  Orbital Command, SCV  
  28  3:02  Starport  
  28  3:06  SCV  
  28  3:08  Refinery  
  29  3:16  Hellion x2  
  29  3:18  Barracks Tech Lab  
  33  3:21  SCV  
  33  3:22  SCV  
  35  3:33  SCV  
  35  3:34  SCV  
  36  3:43  Hellion x2  
  36  3:45  SCV  
  36  3:46  SCV, Banshee  
  45  3:50  Orbital Command  
  45  3:57  SCV  
  45  3:58  Supply Depot, SCV  
  45  4:00  Cloaking Field  
  47  4:09  Hellion x2  
  51  4:11  SCV x2  
  51  4:12  Barracks Tech Lab  
  53  4:17  SCV  
  53  4:20  Supply Depot  
  53  4:23  SCV x2  
  56  4:29  SCV  
  56  4:30  Banshee  
  60  4:35  SCV x2  
  60  4:37  Marine  
  63  4:42  SCV  
  63  4:43  Supply Depot  
  64  4:46  Barracks  
  64  4:49  SCV x2, Stimpack  
  64  4:50  Barracks  
  66  4:53  Factory Reactor  
  66  4:54  SCV  
  66  4:55  Marine  
  66  4:58  Refinery x2  
  68  5:03  SCV x2  
  68  5:06  Supply Depot  
  70  5:08  Orbital Command  
  70  5:13  Marine  
  71  5:15  SCV  
  71  5:16  SCV  
  71  5:19  Engineering Bay x2  
  73  5:28  SCV x2  
  75  5:29  Starport Reactor  
  75  5:31  Marine  
  75  5:32  Supply Depot  
  75  5:34  SCV  
  77  5:37  Marine, Barracks  
  77  5:38  Marine  
  77  5:40  SCV x2, Barracks  
  77  5:42  Siege Tank  
  84  5:46  SCV  
  84  5:47  Terran Infantry Weapons Level 1, Terran Infantry Armor Level 1  
  84  5:49  Supply Depot, Marine x3  
  87  5:52  SCV  
  87  5:54  SCV  
  90  5:58  SCV  
  91  6:04  Supply Depot  
  91  6:06  Marine x2  
  91  6:07  Marine x3  
  91  6:09  SCV x2  
  91  6:10  SCV  
  99  6:14  Siege Tank, Medivac x2  
  99  6:15  Supply Depot  
  106  6:21  SCV x2  
  106  6:22  Supply Depot  
  106  6:23  SCV, Armory  
  109  6:27  Barracks Reactor  
  109  6:29  Marine x4  
  109  6:30  Barracks Reactor  
  109  6:31  Marine  
  114  6:33  SCV x2  
  114  6:35  SCV  
  117  6:42  Refinery x2  
  117  6:43  Supply Depot  
  117  6:48  Marine  
  117  6:49  Siege Tank, Marine x4  
  125  6:55  SCV x2, Factory  
  125  6:56  SCV  
  125  6:59  Supply Depot  
  128  7:05  Marine x2  
  128  7:08  Command Center  
  130  7:13  Missile Turret  
  130  7:21  Missile Turret  
  130  7:22  Widow Mine  
  132  7:23  Marine x2  
  132  7:24  Medivac x2  
  132  7:28  Marine x2  
  139  7:33  Marine x2  
  139  7:36  Marine x2, Drilling Claws  
  130  7:45  Factory Reactor  
  130  7:46  Widow Mine  
  130  7:50  Marine x4  
  125  7:51  Marine x2  
  125  7:52  Marine  
  125  7:54  Marine  
  129  8:01  Medivac  
  129  8:02  Terran Infantry Armor Level 2, Terran Infantry Weapons Level 2, Medivac  
  133  8:07  Barracks, Widow Mine  
  133  8:08  Marine x2, Sensor Tower  
  133  8:09  Barracks x2  
  133  8:10  Combat Shield  
  137  8:21  Marine x4  
  137  8:25  Widow Mine x2  
  145  8:27  SCV x3  
  148  8:38  Command Center  
  148  8:40  Marauder, Widow Mine  
  152  8:46  Widow Mine  
  154  8:52  Planetary Fortress, Marine x2  
  154  8:53  Marine x4  
  160  9:00  Barracks Tech Lab  
  160  9:01  Barracks Tech Lab x2, Marauder  
  160  9:06  Sensor Tower  
  160  9:15  Marine x4  
  164  9:19  Supply Depot x2  
  164  9:20  Supply Depot  
  164  9:21  Supply Depot  
  164  9:23  Marine x2  
  163  9:24  Marauder  
  163  9:28  Concussive Shells, Marauder  
  163  9:30  Marine x2, Marauder  
  164  9:33  Terran Vehicle And Ship Armor Level 1, Marine  
  164  9:40  Marine  
  164  9:41  Marauder  
  164  9:43  Marine x4  
  164  9:45  Marauder, Widow Mine  
  175  9:46  Widow Mine  
  175  9:47  Medivac  
  175  9:48  Marine x2  
  175  9:50  Marauder  
  175  9:54  SCV x4  
  175  9:58  Widow Mine  
  182  10:07  Widow Mine  
  182  10:11  Marauder x3  
  188  10:14  Ghost Academy  
  188  10:18  Marine x4  
  191  10:25  Widow Mine x2  
  191  10:27  Command Center  
  195  10:28  Terran Infantry Weapons Level 3  
  195  10:32  Terran Infantry Armor Level 3  
  195  10:33  Planetary Fortress  
  193  10:37  SCV x2  
  195  10:45  Marine x4  
  195  10:46  Marauder x2  
  199  10:50  Widow Mine  
  199  10:52  Sensor Tower  
  199  10:58  Command Center  
  199  10:59  Personal Cloaking  
  194  11:15  Marine x3  
  194  11:16  Marine, Marauder  
  199  11:46  Ghost x4  
  188  11:48  Widow Mine x2  
  188  11:52  Widow Mine, Medivac x2  
  192  11:56  Marine x4  
  167  12:01  Marine x2  
  167  12:02  Marine x2  
  171  12:08  Command Center  
  171  12:10  Widow Mine x2  
  171  12:14  Widow Mine  
  169  12:18  Orbital Command  
  169  12:19  Command Center  
  169  12:23  Ghost  
  169  12:24  Marine x2, Ghost  
  169  12:25  Marauder  
  169  12:31  Widow Mine x2  
  169  12:33  SCV  
  169  12:34  SCV  
  169  12:37  SCV x2  
  172  12:39  Sensor Tower  
  172  12:42  Marine x4, Marauder  
  165  12:46  SCV, Marauder  
  165  12:47  Marine x4  
  165  12:51  Medivac x2  
  152  12:53  Marauder x2  
  146  12:59  Marine x4  
  146  13:00  Widow Mine x3  
  146  13:03  Marauder  
  153  13:07  SCV x2  
  153  13:08  SCV x2, Marauder  
  153  13:09  SCV  
  153  13:10  Terran Vehicle And Ship Armor Level 2  
  161  13:20  SCV x2, Medivac  
  161  13:21  Orbital Command, Widow Mine, Medivac  
  168  13:28  Widow Mine x2  
  168  13:33  Missile Turret  
  172  13:34  Planetary Fortress  
  172  13:40  Missile Turret  
  172  13:44  Ghost x3  
  172  13:47  Ghost  
  180  13:50  Starport  
  180  13:52  Fusion Core  
  180  13:53  Refinery  
  180  13:55  Refinery  
  180  13:58  Marine x4  
  180  13:59  Marine x4  
  188  14:12  Ghost  
  188  14:13  Marauder  
  188  14:14  Marauder  
  188  14:16  Marauder  
  179  14:34  Ghost  
  179  14:35  Marauder  
  179  14:37  Ghost  
  184  14:41  Ghost  
  174  14:55  Ghost  
  176  15:03  Ghost  
  176  15:05  Ghost  
  158  15:09  Ghost  
  150  15:14  Orbital Command x2  
  150  15:17  Medivac x2  
  154  15:24  Ghost  
  156  15:31  Ghost  
  156  15:34  Orbital Command, Marine x2  
  156  15:35  Marauder  
  162  15:40  Marine x4, Marauder  
  168  15:53  Marauder  
  170  16:03  Widow Mine  
  170  16:04  Widow Mine x2  
  132  16:15  Ghost x2  
  132  16:16  Marine x4, Marauder  
  132  16:17  Marauder  
  132  16:18  Medivac x2  
  146  16:19  Marine x4  
  146  16:25  Widow Mine x3  
  158  16:33  Refinery  
  158  16:34  Marine x4  
  158  16:37  Orbital Command, Marine x4  
  158  16:38  Marauder x2  
  134  16:44  Marine x2  
  113  16:51  Marine x2  
  113  16:52  Marine x2  
  117  16:55  Marine x4  
  117  16:59  Marauder x2  
  119  17:02  Marine, Marauder  
  118  17:09  Marine x3  
  118  17:11  Marine  
  118  17:12  Marine x2  
  124  17:20  Marauder  
  124  17:21  Marine x2, Marauder  
  124  17:22  Marauder  
  132  17:24  Marauder  
  132  17:25  Sensor Tower  
  132  17:26  Widow Mine x3  
  132  17:27  Marine  
  132  17:28  Liberator  
  144  17:36  Refinery x2  
  144  17:37  Liberator x2  
  147  17:44  Marine x2  
  147  17:45  Marauder x2  
  153  17:57  Ghost  
  149  18:03  Orbital Command  
  149  18:11  Ghost  
  149  18:12  Ghost  
  153  18:14  Advanced Ballistics  
  153  18:17  Marine x4  
  156  18:24  Ghost  
  156  18:25  Ghost  
  155  18:41  Marine x4, Ghost  
  145  18:42  Marauder  
  138  18:49  Orbital Command  
  122  19:11  Liberator x2, Widow Mine x2  
  126  19:17  Marine x4, Marauder  
  126  19:18  Marauder  
  134  19:26  Widow Mine  
Show
View Real Time Build Order
Export as new Build Order

DKZDark Zerg - Winner!

Build Orders: Hatch First, Lurkers 

Get SALT Encoding   

  12  0:00  Drone  
  13  0:12  Overlord  
  13  0:17  Drone  
  14  0:30  Drone  
  14  0:31  Drone  
  16  0:48  Hatchery  
  15  0:52  Drone  
  15  0:54  Drone  
  17  1:03  Drone  
  18  1:08  Extractor  
  17  1:14  Spawning Pool  
  17  1:17  Drone  
  17  1:20  Drone  
  18  1:28  Drone  
  19  1:39  Drone  
  20  1:52  Drone  
  21  2:00  Queen x2  
  21  2:01  Zergling x4  
  27  2:08  Metabolic Boost  
  27  2:17  Overlord  
  27  2:18  Drone  
  28  2:23  Extractor  
  28  2:25  Drone  
  28  2:35  Drone  
  29  2:37  Hatchery  
  29  2:40  Drone x2  
  31  2:46  Queen  
  33  2:56  Overlord  
  33  2:57  Drone  
  34  3:02  Drone  
  34  3:03  Drone  
  36  3:14  Queen  
  36  3:15  Drone x2  
  36  3:16  Drone, Overlord  
  36  3:18  Drone  
  42  3:20  Drone  
  42  3:22  Drone  
  44  3:36  Drone x3  
  44  3:39  Queen  
  48  3:44  Drone x2  
  48  3:45  Drone  
  51  3:51  Drone x6  
  57  3:56  Overlord  
  57  4:00  Overlord  
  57  4:14  Queen  
  57  4:15  Zergling x6  
  62  4:17  Drone x2  
  62  4:18  Drone  
  62  4:20  Drone  
  66  4:24  Drone x2  
  66  4:25  Queen  
  66  4:29  Drone x3  
  73  4:31  Lair  
  73  4:33  Extractor  
  73  4:35  Drone  
  73  4:36  Drone  
  73  4:38  Overlord  
  74  4:39  Extractor  
  74  4:41  Overlord  
  74  4:42  Drone  
  74  4:44  Overlord  
  74  4:48  Overlord  
  74  4:52  Hatchery  
  73  4:55  Zergling x2  
  73  4:57  Zergling x2  
  73  4:58  Drone x3, Queen  
  80  5:02  Drone x3  
  80  5:05  Drone x2  
  85  5:09  Spore Crawler x2, Baneling Nest  
  85  5:10  Drone x3  
  85  5:14  Drone  
  86  5:15  Spore Crawler  
  86  5:18  Drone x2, Extractor  
  86  5:19  Evolution Chamber, Extractor  
  86  5:21  Evolution Chamber  
  83  5:26  Drone  
  84  5:29  Drone  
  84  5:30  Drone x3  
  84  5:33  Overseer  
  88  5:37  Hatchery  
  87  5:44  Infestation Pit  
  86  5:51  Overlord x2  
  86  5:53  Drone x7  
  86  5:56  Drone  
  94  6:01  Drone  
  95  6:10  Zergling x18  
  104  6:14  Hatchery  
  104  6:17  Zergling x8  
  107  6:18  Spore Crawler  
  107  6:23  Centrifugal Hooks  
  107  6:24  Hive  
  106  6:26  Zerg Melee Weapons Level 1  
  106  6:27  Zerg Ground Armor Level 1  
  106  6:28  Drone  
  106  6:29  Zergling x4  
  106  6:30  Hydralisk Den, Zergling x2  
  109  6:39  Drone  
  109  6:42  Zergling x10  
  114  6:47  Baneling  
  114  6:48  Baneling x8  
  114  6:53  Zergling x18  
  123  7:00  Zergling x6  
  126  7:04  Overlord x2  
  125  7:11  Overlord  
  125  7:14  Overlord  
  125  7:16  Overlord  
  125  7:20  Baneling x7  
  125  7:23  Baneling x5  
  125  7:27  Zergling x24  
  125  7:28  Baneling x6  
  138  7:30  Zergling x14  
  138  7:33  Grooved Spines  
  118  7:51  Drone x2  
  118  7:52  Drone x3, Hydralisk x9  
  118  7:54  Zergling x4  
  143  7:59  Drone  
  143  8:01  Drone, Zergling x2  
  143  8:02  Zergling x6  
  143  8:03  Evolution Chamber  
  148  8:09  Adrenal Glands  
  148  8:15  Zergling x22  
  148  8:17  Drone x2  
  157  8:23  Muscular Augments  
  157  8:25  Drone  
  157  8:26  Spore Crawler, Drone  
  158  8:29  Zergling x10  
  158  8:32  Zerg Melee Weapons Level 2, Zerg Ground Armor Level 2  
  163  8:37  Zergling x2  
  163  8:38  Zergling x8  
  163  8:40  Zerg Missile Weapons Level 1  
  168  8:46  Overseer  
  166  8:49  Zergling x4  
  166  8:50  Zergling x8  
  166  8:53  Overlord  
  172  8:56  Extractor  
  172  8:57  Drone x2, Overlord, Extractor  
  172  9:01  Overseer  
  172  9:02  Pneumatized Carapace  
  171  9:08  Baneling x5  
  171  9:13  Hydralisk x2  
  171  9:15  Zergling x16  
  179  9:19  Overlord  
  179  9:20  Overlord  
  176  9:27  Zergling x36  
  188  9:36  Zergling x4  
  188  9:37  Overlord  
  186  9:44  Zergling x36  
  195  9:52  Drone x3, Lurker Den  
  194  9:55  Baneling x8, Zergling x8  
  194  9:56  Baneling x3  
  197  10:05  Baneling x10  
  197  10:08  Zergling x6  
  197  10:10  Baneling x2  
  200  10:18  Zergling x4  
  200  10:27  Baneling  
  200  10:28  Baneling x8  
  200  10:29  Baneling x2  
  199  10:37  Overseer x3  
  192  10:45  Zergling x16  
  192  10:46  Zergling x12  
  199  10:52  Zerg Melee Weapons Level 3  
  199  10:53  Zerg Ground Armor Level 3  
  199  10:57  Extractor  
  194  11:07  Hatchery  
  194  11:11  Baneling x3, Hatchery  
  192  11:17  Zerg Missile Weapons Level 2  
  191  11:23  Zergling x14  
  196  11:44  Zergling x28  
  196  11:45  Zergling x4  
  185  11:59  Zergling x52  
  199  12:15  Baneling x11  
  198  12:17  Zergling x2  
  198  12:18  Hatchery  
  198  12:28  Hatchery  
  182  12:34  Zergling x42  
  185  12:38  Seismic Spines  
  185  12:40  Zergling x8  
  177  12:49  Zergling x10  
  169  12:56  Zergling x12  
  168  13:06  Overlord  
  168  13:07  Overlord  
  168  13:09  Zergling x16  
  168  13:10  Drone x2  
  168  13:11  Drone x5  
  181  13:13  Zergling x8  
  185  13:23  Baneling x5, Nydus Network  
  185  13:24  Baneling  
  185  13:25  Lurker x10  
  194  13:32  Zergling x12  
  197  13:35  Adaptive Talons  
  197  13:36  Zerg Missile Weapons Level 3  
  197  13:40  Baneling  
  197  13:41  Baneling x6  
  193  13:48  Burrow  
  193  13:49  Zergling x2  
  193  13:54  Zergling x6  
  193  13:55  Zergling x4  
  199  13:57  Baneling x2  
  199  13:58  Baneling x6  
  198  14:03  Nydus Canal  
  198  14:08  Zergling x2  
  194  14:19  Nydus Canal  
  194  14:20  Zergling x20  
  197  14:29  Baneling  
  197  14:30  Baneling x9  
  197  14:32  Zergling x2  
  192  14:38  Zergling x16  
  192  14:41  Nydus Canal  
  198  14:51  Zergling x8  
  189  14:56  Drone, Zergling x36  
  192  15:03  Zergling x16  
  192  15:06  Zergling x2  
  195  15:15  Nydus Canal  
  195  15:19  Zergling x6  
  195  15:24  Drone  
  195  15:25  Drone x6  
  195  15:28  Zergling x12  
  191  15:30  Hydralisk x2  
  191  15:34  Hydralisk  
  189  15:36  Zergling x2  
  189  15:39  Nydus Canal  
  187  15:45  Zergling x8  
  187  15:47  Drone  
  187  15:48  Baneling x11  
  187  15:49  Baneling x12  
  192  15:56  Zergling x4  
  183  16:00  Zergling x2  
  183  16:01  Zergling x28  
  184  16:09  Zergling x8  
  175  16:12  Zergling x10  
  175  16:18  Baneling x16  
  174  16:19  Zergling x16  
  174  16:22  Zergling x6  
  174  16:25  Hatchery  
  184  16:29  Zergling x24  
  190  16:39  Zergling x18  
  166  16:43  Hydralisk x6  
  166  16:45  Hydralisk  
  164  16:51  Hydralisk x4  
  170  16:56  Zergling x8  
  169  17:01  Zergling x2  
  169  17:02  Zergling x10  
  169  17:06  Baneling  
  169  17:07  Baneling x5  
  175  17:12  Zergling x18  
  175  17:14  Baneling x5  
  184  17:20  Baneling x12  
  184  17:23  Zergling x6  
  184  17:28  Nydus Canal  
  187  17:30  Baneling  
  187  17:31  Baneling x4  
  187  17:33  Zergling x16  
  195  17:43  Nydus Canal  
  192  17:52  Zergling x2  
  192  17:53  Zergling x4  
  195  18:00  Hatchery  
  194  18:07  Zergling x10  
  194  18:08  Nydus Canal  
  196  18:31  Zergling x8  
  196  18:32  Zergling x2  
  196  18:33  Nydus Canal  
  175  18:52  Zergling x2  
  175  18:53  Zergling x66  
  189  19:05  Lurker x8  
  189  19:06  Baneling x29  
  189  19:07  Baneling x5  
  189  19:08  Zergling x4  
  199  19:11  Baneling  
  199  19:12  Baneling x5  
  199  19:14  Nydus Canal  
  199  19:21  Zergling x2  
  199  19:23  Baneling x2  
  200  19:30  Nydus Canal  
  199  19:38  Zergling x2  
Tags
 
Add a new tag
Caveats
  • Supply blocks, unpowered buildings, or Contaminate may cause inaccurate times.
  • Supply counts are checked every 10 seconds.